 Dungeon Crawl Stone Soup version 0.21-a0-1-gaf3b9a5 (webtiles) character file.

80 inmateoo the Insei (level 4, -9/28 HPs)
             Began as an Octopode Transmuter on May 20, 2017.
             Mangled by Grinder (11 damage)
             ... while paralysed by Grinder
             ... on level 3 of the Dungeon.
             The game lasted 00:04:40 (2023 turns).

inmateoo the Insei (Octopode Transmuter)            Turns: 2023, Time: 00:04:40

Health: -9/28      AC:  2    Str:  9    XL:     4   Next: 39%
Magic:  4/7        EV:  5    Int: 15    God:
Gold:   112        SH:  0    Dex: 22    Spells: 1/7 levels left

rFire    . . .     SeeInvis .     - Unarmed
rCold    . . .     Gourm    .   (shield currently unavailable)
rNeg     . . .     Faith    .   (helmet currently unavailable)
rPois    .         Spirit   .   (no amulet)
rElec    .         Reflect  .   l - ring of poison resistance
rCorr    .         Harm     .   p - ring of stealth
MR       .....                  q - +4 ring of dexterity
Stlth    +++.......             (no ring)
Regen    0.1/turn               (no ring)
MPRegen  0.1/turn               (no ring)
                                (no ring)
                                (no ring)

@: paralysed, spider-form (expiring)
A: almost no armour, stealthy swim, (amphibious), 8 rings, (constrict 8)
a: End Transformation


You were on level 3 of the Dungeon.
You were not hungry.
You were a venomous arachnid creature.
You visited 1 branch of the dungeon, and saw 3 of its levels.

You collected 112 gold pieces.

Inventory:

Missiles
 a - 32 arrows
Jewellery
 l - a ring of poison resistance (left front leg)
 p - a ring of stealth (right front leg)
 q - a +4 ring of dexterity (on tentacle)
Scrolls
 d - a scroll of blinking {unknown}
 e - a scroll of teleportation {unknown}
 f - 4 scrolls of remove curse {unknown}
 i - a scroll of immolation {unknown}
 n - 3 scrolls of magic mapping {unknown}
 t - a scroll of amnesia {unknown}
Potions
 h - 2 potions of flight
 j - a potion of brilliance
 k - a potion of haste
 m - a potion of lignification
 o - a potion of invisibility
 r - a potion of ambrosia
 s - a potion of agility
Books
 b - a book of Changes

   Spells                             Type                      Level
   a - Beastly Appendage              Transmutation                1
   b - Sticks to Snakes               Transmutation                2
   c - Spider Form                    Transmutation/Poison         3
   d - Ice Form                       Ice/Transmutation            4
   e - Blade Hands                    Transmutation                5
Comestibles
 c - 2 bread rations
 g - a meat ration


   Skills:
 + Level 1.6 Fighting
 + Level 2.6 Dodging
 * Level 3.9 Unarmed Combat
 + Level 2.4 Spellcasting
 + Level 2.3 Transmutations


You had one spell level left.
You knew the following spells:

 Your Spells              Type           Power        Failure   Level  Hunger
a - Beastly Appendage     Tmut           #.....       22%         1    #......
b - Sticks to Snakes      Tmut           #.......     28%         2    ###....
c - Spider Form           Tmut/Pois      #.........   58%         3    ###....


Dungeon Overview and Level Annotations

Branches:
Dungeon (3/15)

Altars:

Annotations:
D:3 Grinder


Innate Abilities, Weirdness & Mutations

You cannot wear most types of armour.
You are very stealthy in the water. (Stealth+)
((You are amphibious.))
You can wear up to eight rings at the same time.
((You can use your tentacles to constrict eight enemies at once.))
((Your skin changes colour to match your surroundings (Stealth+).))
((Your rubbery body absorbs attacks. (AC +1, EV +1)))


Message History

Grinder is lightly wounded.
Your transformation is almost over.
Grinder gestures at you. Pain shoots through your body!
You hit Grinder but do no damage.
Grinder is lightly wounded.
Grinder hits you.
You writhe in agony.
* * * LOW HITPOINT WARNING * * *
You are too injured to fight recklessly!
Unknown command.
You barely miss Grinder.
Grinder is lightly wounded.
Grinder gestures at you.
You suddenly lose the ability to move!
Grinder hits you.
* * * LOW HITPOINT WARNING * * *
You writhe in agony.
* * * LOW HITPOINT WARNING * * *
Grinder hits you!
You die...

#####...#.##..# #
..............#
.######.##.#....
#..........#####
#.####........
#.#######################
#...........#...5.).....#
###########.#5##........#
#.#s##.........
#...##........#
##.#######)#+#####
#....[5....# #.......S..#
#.########.# #.# #$# #.#


You could see Grinder.

Vanquished Creatures
  3 oozes
  A dart slug (D:1)
  2 leopard geckos
  3 bats
  4 giant cockroaches
  8 goblins
  6 hobgoblins
  A quokka (D:2)
  A ball python (D:1)
  4 frilled lizards
  7 kobolds
  5 rats
45 creatures vanquished.

Vanquished Creatures (collateral kills)
  2 adders (D:2)
  A bat (D:2)
  A giant cockroach (D:2)
  2 hobgoblins (D:2)
  A frilled lizard (D:2)
7 creatures vanquished.

Grand Total: 52 creatures vanquished

Notes
Turn   | Place    | Note
-------+----------+-------------------------------------------
     0 | D:1      | inmateoo the Octopode Transmuter began the quest for the Orb.
     0 | D:1      | Reached XP level 1. HP: 13/13 MP: 3/3
   108 | D:1      | Reached XP level 2. HP: 12/18 MP: 3/5
   213 | D:1      | Learned a level 2 spell: Sticks to Snakes
   264 | D:1      | You fall through a shaft!
   321 | D:2      | Reached XP level 3. HP: 13/23 MP: 4/6
  1193 | D:1      | Reached XP level 4. HP: 28/28 MP: 7/7
  1801 | D:3      | Noticed Grinder
  1827 | D:2      | Learned a level 3 spell: Spider Form
  2021 | D:3      | Paralysed by Grinder for 2 turns
  2023 | D:3      | Mangled by Grinder

Vault maps used:
D:1:      saegor_arrival_simple_c
D:3:      grunt_decor_cap, nicolae_underground_beach, uniq_sigmund, uniq_robin,
          uniq_terence, uniq_grinder

Action                   |  1- 3 |  4- 6 || total
-------------------------+-------+-------++-------
Melee: Unarmed           |    63 |    50 ||   113
       Kick              |     9 |       ||     9
       Tentacles         |    12 |     6 ||    18
       Constrict         |    18 |    11 ||    29
 Cast: Beastly Appendage |    10 |     1 ||    11
       Sticks to Snakes  |     4 |     3 ||     7
       Spider Form       |       |     1 ||     1
  Use: Scroll            |       |     7 ||     7
 Stab: Sleeping          |     4 |     5 ||     9
  Eat: Chunk             |     1 |     2 ||     3
       Meat ration       |       |     1 ||     1
Armor: Skin              |     4 |     8 ||    12
Dodge: Dodged            |    39 |    31 ||    70
